 Dungeon Crawl Stone Soup version 0.22-a0-512-g0943f25 (webtiles) character file.

598 gmonis the Basher (level 7, -2/58 HPs)
             Began as a Minotaur Berserker on June 18, 2018.
             Was a Priest of Trog.
             Slain by Ijyb
             ... wielding a +0 club
              (3 damage)
             ... on level 4 of the Dungeon.
             The game lasted 00:06:04 (3567 turns).

gmonis the Basher (Minotaur Berserker)              Turns: 3567, Time: 00:06:04

Health: -2/58      AC:  2    Str: 21    XL:     7   Next: 17%
Magic:  6/6        EV: 12    Int:  4    God:    Trog [***...]
Gold:   150        SH:  0    Dex: 12    Spells: 6/6 levels left

rFire    . . .     SeeInvis .   a - +0 mace
rCold    . . .     Gourm    .   (no shield)
rNeg     . . .     Faith    .   k - +3 leather armour
rPois    .         Spirit   .   (helmet restricted)
rElec    .         Reflect  .   (no cloak)
rCorr    .         Harm     .   (no gloves)
MR       .....                  (no boots)
Stlth    +.........             (no amulet)
HPRegen  0.19/turn              (no ring)
MPRegen  0.10/turn              (no ring)

@: corroded
A: retaliatory headbutt, horns 2
a: Berserk, Trog's Hand, Renounce Religion


You were on level 4 of the Dungeon.
You worshipped Trog.
Trog was most pleased with you.
You were hungry.

You visited 1 branch of the dungeon, and saw 4 of its levels.

You collected 150 gold pieces.

Inventory:

Hand Weapons
 a - a +0 mace (weapon)
Armour
 b - a +0 animal skin
 k - a +3 leather armour (worn)
Scrolls
 d - 5 scrolls of teleportation {unknown}
 e - a scroll of remove curse {unknown}
 f - 2 scrolls of immolation {unknown}
 h - 2 scrolls of identify {unknown}
 i - a scroll of fog {unknown}
 j - a scroll of random uselessness {unknown}
 l - 3 scrolls of enchant weapon {unknown}
 m - a scroll of amnesia {unknown}
Potions
 g - a potion of invisibility {unknown}
 n - a potion of agility {unknown}
Comestibles
 c - 7 rations


   Skills:
 - Level 3.6 Fighting
 * Level 9.0 Maces & Flails
 + Level 4.8 Armour
 - Level 2.2 Dodging


You had 6 spell levels left.
You didn't know any spells.
Your spell library was empty.

Dungeon Overview and Level Annotations

Branches:
Dungeon (4/15)
 Temple: D:4-7

Altars:
Nemelex Xobeh

Shops:
D:4 (

Annotations:
D:4 Ijyb


Innate Abilities, Weirdness & Mutations

You reflexively headbutt those who attack you in melee.
You have a pair of horns on your head.


Message History

Ijyb is severely wounded.
Ijyb hits you but does no damage.
You hit Ijyb.
Ijyb is almost dead.
Ijyb zaps a wand.
The bolt of acid hits you!
You are splashed with acid!
The acid burns!
You are too injured to fight recklessly!
You are too injured to fight recklessly!
You are too injured to fight recklessly!
You closely miss Ijyb.
Ijyb is almost dead.
Ijyb screams, "Get away!"
Ijyb zaps a wand.
The bolt of acid hits you!
* * * LOW HITPOINT WARNING * * *
The acid corrodes you!
You are splashed with acid!
The acid burns!
* * * LOW HITPOINT WARNING * * *
You hit Ijyb but do no damage. You headbutt Ijyb, but do no damage.
Ijyb is almost dead.
Ijyb hits you with a club.
You die...

......#######..#
......#######..#.#
...........##..#.#
...........##..#.#
...........##..#.#
...........##..#.#
...........##..#.#
...........##..#g#
......#######..#@#
...#..#######..#.#
...#.............#
>..##.#######.##.#
......# #. #.#
.†....# #. #.#
......# #. #.#
......# #. #.#
......# .. #.#


You could see Ijyb.

Vanquished Creatures
  Grinder (D:3)
  A hound (D:4)
  4 orc wizards
  An iguana (D:3)
  4 worker ants
  3 adders
  A gnoll (D:2)
  An ooze (D:3)
  An adder skeleton (D:4)
  3 worms
  2 dart slugs
  3 leopard geckos
  7 orcs
  5 bats
  5 giant cockroaches
  19 goblins
  14 hobgoblins
  4 jackals (D:3)
  3 kobolds
  2 quokkas
  A ball python (D:2)
  3 frilled lizards
  6 rats
94 creatures vanquished.

Notes
Turn   | Place    | Note
-------+----------+-------------------------------------------
     0 | D:1      | gmonis the Minotaur Berserker began the quest for the Orb.
     0 | D:1      | Reached XP level 1. HP: 19/19 MP: 0/0
    58 | D:1      | Reached skill level 4 in Maces & Flails
   267 | D:1      | Reached XP level 2. HP: 25/27 MP: 1/1
   941 | D:2      | Reached skill level 5 in Maces & Flails
  1117 | D:2      | Reached XP level 3. HP: 33/33 MP: 2/2
  1637 | D:2      | Reached XP level 4. HP: 29/40 MP: 3/3
  1752 | D:2      | Reached ** piety under Trog
  1752 | D:2      | Reached skill level 6 in Maces & Flails
  2600 | D:3      | Reached skill level 7 in Maces & Flails
  2600 | D:3      | Reached XP level 5. HP: 46/46 MP: 4/4
  2847 | D:3      | Found a sparkling altar of Nemelex Xobeh.
  2915 | D:3      | Noticed Grinder
  2923 | D:3      | Paralysed by Grinder for 3 turns
  2928 | D:3      | Killed Grinder
  2928 | D:3      | Reached skill level 8 in Maces & Flails
  2928 | D:3      | Reached XP level 6. HP: 35/52 MP: 5/5
  2960 | D:3      | Reached *** piety under Trog
  3119 | D:4      | Reached XP level 7. HP: 52/58 MP: 6/6
  3150 | D:4      | Found Domagiy's Antique Weapon Emporium.
  3493 | D:4      | Reached skill level 9 in Maces & Flails
  3557 | D:4      | Noticed Ijyb
  3566 | D:4      | HP: 1/58 [acid (15)]
  3567 | D:4      | Slain by Ijyb

Vault maps used:
D:1:      roderic_crossed_star
D:2:      kennysheep_the_goblin_king, serial_forest,
          infiniplex_forest_clump_small, infiniplex_forest_lined_2,
          infiniplex_forest_straight_4, infiniplex_forest_clump_medium,
          infiniplex_forest_lined_2, infiniplex_forest_zigzag_2
D:3:      nemelex_dance_club_becter, uniq_grinder
D:4:      serial_shops, shop_fountains, minmay_misc_feat_doors,
          minmay_misc_feat_nine_boxes, uniq_ijyb

Skill      XL: |  1  2  3  4  5  6  7 |
---------------+----------------------+-----
Maces & Flails | 4 5 7 8 9 |  9.0
Armour         | 4 |  4.8
Fighting       | |  3.6
Dodging        | |  2.2

Action                   |  1- 3 |  4- 6 |  7- 9 || total
-------------------------+-------+-------+-------++-------
Melee: Mace              |    59 |   106 |    25 ||   190
       Headbutt          |     9 |    19 |     3 ||    31
Invok: Berserk           |       |     2 |       ||     2
 Stab: Sleeping          |       |     1 |       ||     1
  Eat: Chunk             |     1 |     8 |     1 ||    10
Armor: Animal skin       |    10 |     4 |       ||    14
       Leather armour    |       |    15 |     5 ||    20
Dodge: Dodged            |    35 |    69 |    10 ||   114

Table legend:
 A = Spawn XP
 B = Non-spawn XP
 C = Spawn XP percentage of total XP
 D = Spawn monster count
 E = Non-spawn monster count
 F = Spawn count percentage of total count
 G = Total turns spent on level
                    A         B        C        D         E        F      G
               +---------+---------+-------+---------+---------+-------+---------
         Total |       0 |     855 |   0.0 |       0 |      94 |   0.0 |  3567
               +---------+---------+-------+---------+---------+-------+---------
           D:1 |       0 |      34 |   0.0 |       0 |      20 |   0.0 |   955
           D:2 |       0 |     103 |   0.0 |       0 |      26 |   0.0 |  1422
           D:3 |       0 |     478 |   0.0 |       0 |      36 |   0.0 |   724
           D:4 |       0 |     240 |   0.0 |       0 |      12 |   0.0 |   466
               +---------+---------+-------+---------+---------+-------+---------
